 Dungeon Crawl Stone Soup version 0.30.1-11-g7821555f0a (webtiles) character file.

Game seed: 8351587732424543217

50 Peloso the Covered (level 3, 0/33 HPs)
             Began as a Minotaur Fighter on Dec 23, 2023.
             Succumbed to an adder's poison
             ... on level 2 of the Dungeon.
             The game lasted 00:01:36 (1022 turns).

Peloso the Covered (Minotaur Fighter)               Turns: 1022, Time: 00:01:37

Health: 0/33       AC:  7    Str: 20    XL:     3   Next: 55%
Magic:  2/2        EV:  9    Int:  5    God:
Gold:   83         SH:  4    Dex: 11    Spells: 2/2 levels left

rFire   . . .        a - +0 long sword
rCold   . . .        c - +0 buckler
rNeg    . . .        b - +0 scale mail
rPois   .            (helmet restricted)
rElec   .            (no cloak)
rCorr   .            (no gloves)
SInv    +            (no boots)
Will    +....        (no amulet) Stlth
                     f - ring of willpower
HPRegen 0.25/turn    h - ring of see invisible
MPRegen 0.08/turn

%: no passive effects
@: lethally poisoned (0 -> -8)
A: horns 2, retaliatory headbutt
a: no special abilities


You were on level 2 of the Dungeon.
You visited 1 branch of the dungeon, and saw 2 of its levels.

You collected 83 gold pieces.

Inventory:

Hand Weapons
 a - a +0 long sword (weapon)
Armour
 b - a +0 scale mail (worn)
 c - a +0 buckler (worn)
Jewellery
 f - a ring of willpower (left hand)
 h - a ring of see invisible (right hand)
 m - a +4 ring of protection
Scrolls
 e - a scroll of magic mapping {unknown}
 g - a scroll of enchant weapon {unknown}
 j - 2 scrolls of identify {unknown}
Potions
 d - 2 potions of might
 i - 2 potions of curing
 k - a potion of attraction {unknown}
 l - a potion of berserk rage {unknown}


   Skills:
 + Level 4.1 Fighting
 + Level 3.1 Long Blades
 + Level 4.1 Armour
 + Level 1.1 Dodging
 + Level 4.0 Shields


You had 2 spell levels left.
You didn't know any spells.
Your spell library was empty.

Dungeon Overview and Level Annotations

Branches:
Dungeon (2/15)

Altars:
Trog


Innate Abilities, Weirdness & Mutations

You have a pair of horns on your head.
You reflexively headbutt those who attack you in melee.


Message History

You closely miss the adder. You headbutt the adder.
The adder is heavily wounded.
You feel very sick. The adder closely misses you.
The adder bites you but does no damage.
You hit the adder.
You headbutt the adder, but do no damage.
The adder is almost dead.
You feel sick. The adder bites you but does no damage.
You barely miss the adder. Your headbutt misses the adder.
The adder is almost dead.
You feel sick. The adder bites you. You block the adder's attack.
You barely miss the adder. Your headbutt misses the adder.
The adder is severely wounded.
You feel sick. The adder bites you but does no damage. The adder bites you.
You are more poisoned.
The adder poisons you!
You miss the adder.
The adder is severely wounded.
You feel very sick. The adder bites you.
You barely miss the adder.
The adder is severely wounded.
You feel sick. The adder barely misses you. You block the adder's attack.
You closely miss the adder.
The adder is severely wounded.
You feel sick. The adder barely misses you.
The adder bites you but does no damage.
You closely miss the adder.
The adder is severely wounded.
You feel sick. The adder bites you.
* * * LOW HITPOINT WARNING * * *
You closely miss the adder.
The adder is severely wounded.
You feel sick. The adder bites you.
* * * LOW HITPOINT WARNING * * *
You are lethally poisoned!
The adder poisons you! The adder closely misses you.
You miss the adder.
The adder is severely wounded.
You die...

.....#.# #.#
####.#..#.
####.#.# #.#
#.......#. .#
#.# #.##.#.... #
#.#####'##.#####
#.# #.##.....#.#
#.# #.##.....#.#
#.#
#####.##.......#
#.#
#..S..........##
#.#
#..@.....##'#.#
#.#
#.........##.#.#
#.#
#.####..####.#.#
####.# .. ###..#
#.#.#
.....#######
..#..# #.#.#
.#####....#
.....## #.#.#
...# #(.).#
#....###.#.#
##.###....#
#......#.#.#
#.........#
#####......#<#.#


You could see an adder.

Vanquished Creatures
  An adder (D:2)
  A dart slug (D:2)
  A ball python (D:2)
  5 endoplasms
  A giant cockroach (D:1)
  4 goblins
  6 hobgoblins
  3 jackals (D:1)
  3 kobolds (D:1)
  A bat (D:1)
  A frilled lizard (D:2)
  6 rats
33 creatures vanquished.

Notes
Turn   | Place    | Note
-------+----------+-------------------------------------------
     0 | D:1      | Peloso the Minotaur Fighter began the quest for the Orb.
     0 | D:1      | Reached XP level 1. HP: 19/19 MP: 0/0
   106 | D:1      | Reached XP level 2. HP: 15/27 MP: 1/1
   529 | D:2      | Reached XP level 3. HP: 32/33 MP: 2/2
   667 | D:2      | Reached skill level 1 in Dodging
   896 | D:2      | Found a bloodstained altar of Trog.
  1022 | D:2      | Succumbed to an adder's poison

Illustrated notes

Levels and vault maps discovered:
D:1:      dpeg_arrival_erosion, layout_rooms
D:2:      layout_basic, basic_altar, st_stairs_11

Skill      XL: |  1  2  3 |
---------------+----------+-----
Shields        | 4 |  4.0
Fighting       | 4 |  4.1
Armour         | 4 |  4.1
Dodging        | 1 |  1.1
Long Blades    | 3 |  3.1

Action                     || total
---------------------------++-------
  Melee: Long sword        ||    70
         Headbutt          ||    11
    Use: Potion            ||     3
 Armour: Scale mail        ||    36
  Dodge: Dodged            ||    25
  Block: Buckler           ||    19
